[Event "Early-Titled-Tuesday-Blitz-September-26-2023"]
[Site "Chess.com"]
[Date "2023.09.26"]
[Round "11"]
[White "invisible_s0ul"]
[Black "Ariadna_Atreides"]
[Result "0-1"]
[WhiteElo "2298"]
[BlackElo "2209"]
[TimeControl "180+1"]
[EndTime "10:07:14 PDT"]
[Termination "Ariadna_Atreides won by checkmate"]

1. e4 c6 2. b3 d5 3. exd5 cxd5 4. Bb2 Nc6 5. Bb5 Bd7 6. Nf3 e6 7. O-O Nf6 8. d4 Bd6 9. c4 a6 10. Bxc6 Bxc6 11. Nc3 dxc4 12. bxc4 O-O 13. Ne5 Rc8 14.
f4 Bb8 15. Qd3 Qb6 16. Ba3 Rfd8 17. Bc5 Qc7 18. Rab1 Nd7 19. Nxd7 Rxd7 20. Ne4 b5 21. Ng5 g6 22. Qh3 h5 23. Nf3 Bxf3 24. Rxf3 Rdd8 25. Qh4 Qd7 26. Qf6 Rxc5 27. dxc5 Rc8 28. Rbf1 Ba7 29. Kh1 Bxc5 30. h3 Be7 31. Qe5 Bd6 32. Qf6 Rxc4 33. Rg3 Be7 34. Qe5 Bd6 35. Qe2 Rd4 36. Qf3 Bf8 37. Rg5 Bg7 38. f5 Rd3 39. Qf4 exf5 40. Qb8+ Qd8 41. Qxd8+ Rxd8 42. Rg3 Rc8 43. Ra3 a5 44. Rxa5 b4 45. Rb5 Bc3 46. Rb1 Ra8 47. a4 Rxa4 48. Rb8+ Kg7 49. Rb7 Kh6 50. Rb3 Ra1+ 51.
Kh2 Be5+ 52. g3 Ra2+ 53. Kg1 h4 54. R7xb4 Bxg3 55. Rb7 Ra1+ 56. Kg2 Ra2+ 57. Kf3 Rf2+ 58. Ke3 f4+ 59. Ke4 Re2+ 60. Kf3 Re3+ 61. Kg4 Rxb3 62.
Rxb3 f5+ 63. Kf3 g5 64. Rb6+ Kh5 65. Rf6 g4+ 66. Kg2 f3+ 67. Kf1 Kg5 68. Rf8 gxh3 69.
Rg8+ Kf4 70. Kg1 h2+ 71. Kh1 f2 72. Kg2 h3+ 73. Kxh3 f1=Q# 0-1

[Event "Early-Titled-Tuesday-Blitz-September-26-2023"]
[Site "Chess.com"]
[Date "2023.09.26"]
[Round "11"]
[White "JimDiGrease"]
[Black "Krakozia"]
[Result "0-1"]
[WhiteElo "2857"]
[BlackElo "3022"]
[TimeControl "180+1"]
[EndTime "10:07:17 PDT"]
[Termination "Krakozia won by checkmate"]

1. d4 Nf6 2. c4 d6 3. Nf3 Nbd7 4. Nc3 e5 5. e4 Be7 6. Be2 O-O 7. O-O c6 8. Qc2 Re8 9. Be3 Ng4 10. Bd2 Ngf6 11.
Rfd1 a6 12. d5 cxd5 13. Nxd5 Nxd5 14. cxd5 Nf6 15. h3 Bd7 16. Bd3 Qb8 17. Rac1 Rc8 18.
Qb3 Bd8 19. Be3 b5 20. Rxc8 Qxc8 21. Rc1 Qb7 22. Qb4 Qb8 23. Nd2 Bb6 24. Nf1 g6 25. a3 Kg7 26. Qd2 Bxe3 27. Qxe3 b4 28. Nd2 bxa3 29. bxa3 Bb5 30. Rb1 Qc7 31. Bxb5 axb5 32.
g3 Ra4 33. Rxb5 Rd4 34. Rb4 Qc5 35. Rxd4 exd4 36. Qd3 Qc3 37. Qe2 Nd7 38. Nf3 d3 39.
Qd2 Qxa3 40. Ne1 Nc5 41. Kg2 Qa4 42. f3 Qc4 43. Kf2 Nb3 44. Qxd3 Qc5+ 45. Qe3 Nd4 46. g4 Qc4 47. Qd3 Qc5 48. Qe3 Qc4 49. Ng2 Qc2+ 50. Kf1 Qc4+ 51. Kg1 Ne2+ 52. Kf2 Nd4 53. Nf4 h6 54.
Ne2 Nc2 55. Qd2 Qc5+ 56. Kg3 Kg8 57. Qxh6 Ne3 58. Qg5 Nf1+ 59. Kg2 Ne3+ 60. Kg3 Nd1 61. Qd8+ Kg7 62. g5 Qf2+ 63. Kf4 Qxe2 64. Qf6+ Kg8 65.
Qd8+ Kh7 66. Qe7 Qh2+ 67. Kg4 Ne3+ 68. Kh4 Qf2# 0-1

[Event "Early-Titled-Tuesday-Blitz-September-26-2023"]
[Site "Chess.com"]
[Date "2023.09.26"]
[Round "11"]
[White "LionTheLeon_06"]
[Black "karinachess1"]
[Result "1/2-1/2"]
[WhiteElo "2794"]
[BlackElo "2611"]
[TimeControl "180+1"]
[EndTime "10:07:18 PDT"]
[Termination "Game drawn - insufficient material"]

1. e4 e5 2. Nf3 Nc6 3. Bc4 Bc5 4. c3 Nf6 5. d3 O-O 6. O-O d5 7. exd5 Nxd5 8. b4 Be7 9. Re1 Bg4 10. h3 Bh5 11. b5 Na5 12. Rxe5 Nf6 13. Nbd2 Re8 14. Bb2 Bd6 15. Rxe8+ Qxe8 16. Qa4 b6 17. Re1 Qd7 18. Ba3 Nxc4 19. dxc4 Bf4 20. Bc1 Qd3 21. c5 Bxd2 22.
Nxd2 Qxc3 23. Qc4 Qxc4 24. Nxc4 bxc5 25. Re5 Rd8 26. Be3 Rd5 27. Re7 Rd7 28. Re5 Rd5 29.
Bxc5 Be2 30. Rxe2 Rxc5 31. Ne3 Rxb5 32. Rd2 Kf8 33. Rd8+ Ke7 34. Ra8 Ra5 35. g4 g6 36.
Kg2 Rxa2 37. Kf3 a5 38. Ra7 Kd7 39. Nc4 a4 40. Ne5+ Ke6 41. Nd3 Nd5 42. Ra6+ Kd7 43. Nc5+ Ke7 44. Nxa4 Nb6 45. Nc5 Rxa6 46. Nxa6 Kd6 47.
Ke4 c5 48. Kd3 Nd7 49. Kc4 Kc6 50. f4 Nb6+ 51. Kc3 Nd5+ 52. Kc4 Nxf4 53. Nxc5 Nxh3 54. Nd3 h5 55. gxh5 gxh5 56. Ne5+ Kd6 57. Nxf7+ Ke6 58.
Nd8+ Kf5 59. Kd3 Ng5 60. Nc6 h4 61. Ke3 Kg4 62. Kf2 Ne4+ 63. Kg2 h3+ 64. Kh2 Ng5 65.
Ne5+ Kh4 66. Ng6+ Kg4 67. Ne5+ Kf4 68. Ng6+ Kf5 69. Ne7+ Kg4 70. Nd5 Nf3+ 71. Kh1 Kg3 72. Ne3 Nh4 73. Nf1+ Kf2 74. Kh2 Kxf1 75. Kxh3 1/2-1/2

[Event "Early-Titled-Tuesday-Blitz-September-26-2023"]
[Site "Chess.com"]
[Date "2023.09.26"]
[Round "11"]
[White "bazar-wokzal"]
[Black "MatthewG-p4p"]
[Result "0-1"]
[WhiteElo "2666"]
[BlackElo "2807"]
[TimeControl "180+1"]
[EndTime "10:07:20 PDT"]
[Termination "MatthewG-p4p won by resignation"]

1. e4 e6 2. d4 d5 3. Bd3 dxe4 4. Bxe4 Nf6 5. Bf3 c5 6. Ne2 e5 7. dxe5 Qxd1+ 8. Kxd1 Ng4 9. Bxg4 Bxg4 10. f3 Bf5 11.
Ng3 Bg6 12. f4 h5 13. h4 Nc6 14. f5 Bh7 15. Bf4 O-O-O+ 16. Nd2 f6 17. exf6 gxf6 18. c3 Rg8 19. Rh2 Rg4 20. Nxh5 Bxf5 21. Be3 Bd6 22. g3 Rg6 23. Ke1 Re8 24. Nf1 Ne5 25. Rd1 Nf3+ 26. Kf2 Nxh2 27. Nxh2 Bc7 28. Bxc5 Rh6 29. Nf4 Bxf4 30.
gxf4 Rxh4 31. Nf3 Rh3 32. Rg1 Bd7 33. Bxa7 Bc6 34. Rg3 Rh5 35. Bd4 Ra5 36. a3 Rf5 37.
Be3 Bxf3 38. Kxf3 Rb5 39. b4 Rd5 40. Bd4 f5 41. Rg7 Rd7 42. Rxd7 Kxd7 43. c4 Re4 44.
Bc5 Rxc4 45. a4 Ke6 46. a5 Kd5 47. Bf8 Rc3+ 48. Kg2 Ke4 49. Bd6 Rb3 50. Kf2 Rd3 51. Bc7 Rb3 52. Bd6 Kd4 53. Kg2 Kd5 54. Be7 Ke6 55. Bc5 Rc3 56. Kf2 Kd5 57. Be7 Rc6 58.
Bf8 Ke4 59. b5 Rc2+ 60. Kg3 Rc3+ 61. Kg2 Kxf4 62. a6 bxa6 63. bxa6 Rc2+ 64. Kg1 Ra2 65.
Bd6+ Kf3 66. Bc5 Rxa6 67. Bd4 Ra2 68. Bc5 Kg3 69. Kf1 f4 70. Ke1 Kg2 71. Bb6 Ra1+ 72.
Ke2 f3+ 73. Kd3 f2 0-1

[Event "Early-Titled-Tuesday-Blitz-September-26-2023"]
[Site "Chess.com"]
[Date "2023.09.26"]
[Round "11"]
[White "Grossboss19"]
[Black "vedantgoswami"]
[Result "0-1"]
[WhiteElo "2507"]
[BlackElo "2377"]
[TimeControl "180+1"]
[EndTime "10:07:24 PDT"]
[Termination "vedantgoswami won by checkmate"]

1. d4 d5 2. Nc3 Nf6 3. Bf4 c6 4. e3 Bg4 5. f3 Bh5 6. Bd3 e6 7. h4 Bg6 8. h5 Bxd3 9. Qxd3 Nbd7 10. g4 h6 11. Nd1 Qb6 12. c3 c5 13. Ne2 Bd6 14.
Bxd6 Qxd6 15. Nf2 e5 16. O-O-O O-O-O 17. Ng3 c4 18. Nf5 Qa6 19. Qb1 Rh7 20. a3 Re8 21.
Rhe1 e4 22. fxe4 Nxe4 23. Nxe4 Rxe4 24. Ng3 Nf6 25. Nxe4 Nxe4 26. Rf1 f6 27. Rf5 Qe6 28. Re1 Rh8 29. Qc2 b5 30. a4 a6 31. Kd1 Re8 32.
Rf4 Kc7 33. Ke2 Ng5 34. Kf1 Qd6 35. axb5 axb5 36. Kg2 Rxe3 37. Rxe3 Qxf4 38. Qe2 Ne4 39. Qf3 Qg5 40. Re2 Kc6 41. Qf5 Qxf5 42. gxf5 b4 43. cxb4 Kb5 44. Kf3 Kxb4 45. Rg2 Ng5+ 46. Ke3 Kb3 47.
Kf4 Kb4 48. Re2 Kb3 49. Re7 Kxb2 50. Ke3 Ne4 51. Rb7+ Kc2 52. Rxg7 c3 53. Rb7 Kd1 54. Rc7 c2 55. Kd3 c1=Q 56. Rxc1+ Kxc1 57. Ke3 Kc2 58. Kf4 Kc3 59. Kf3 Kxd4 60. Kg4 Ke5 61. Kh3 Kxf5 62. Kh2 Kg5 63. Kh1 Kxh5 64. Kg1 d4 65. Kf1 Kg4 66. Ke1 Kf4 67. Kd1 d3 68. Kc1 h5 69. Kb2 h4 70. Ka3 h3 71. Kb3 h2 72. Ka4 d2 73. Kb5 d1=Q 74. Kb6 Ng5 75. Ka6 Nh3 76. Ka7 Kg3 77. Kb6 Kg4 78. Ka7 Kf5 79. Kb8 Ke6 80. Ka7 h1=Q 81. Kb8 Qc2 82. Ka7 Qhb1 83. Ka8 Qca2# 0-1

[Event "Early-Titled-Tuesday-Blitz-September-26-2023"]
[Site "Chess.com"]
[Date "2023.09.26"]
[Round "11"]
[White "ChessArchitect64"]
[Black "Me_ch_an"]
[Result "1-0"]
[WhiteElo "2250"]
[BlackElo "2324"]
[TimeControl "180+1"]
[EndTime "10:07:34 PDT"]
[Termination "ChessArchitect64 won by resignation"]

1. d4 d5 2. c4 dxc4 3. e3 e5 4.
Bxc4 exd4 5. exd4 Nf6 6. Nf3 Bd6 7. O-O O-O 8. Nc3 h6 9. a3 Bg4 10. h3 Bh5 11. b4 Nc6 12. Bb2 Bxf3 13. Qxf3 Nxd4 14. Qxb7 c5 15. b5 Re8 16. Rae1 Re7 17. Rxe7 Bxe7 18. Re1 Nf5 19. a4 Nd6 20. Qxe7 Nxc4 21.
Bc1 Qd4 22. Qb7 Rd8 23. Qf3 Qd3 24. Qxd3 Rxd3 25. Ne2 Nd5 26. Nf4 Nxf4 27. Bxf4 Ra3 28.
Re8+ Kh7 29. Rc8 Rxa4 30. Rxc5 Rb4 31. Bb8 Na3 32. Bxa7 Rxb5 33. Rc7 Rb1+ 34. Kh2 Kg6 35. Be3 Nb5 36. Rb7 Nc3 37. Rc7 Nd5 38. Rc6+ Kh7 39. Bd4 Rd1 40. Rc4 Ne7 41. Bc5 Ng6 42. Re4 Rd5 43. Be3 Re5 44. Rc4 Re6 45. g4 Ne5 46.
Ra4 Nd7 47. Kg3 Nf6 48. h4 Nd5 49. Bd2 Re7 50. Rd4 Nf6 51. h5 Ne4+ 52. Kf3 Nxd2+ 53. Rxd2 g6 54. hxg6+ fxg6 55. Kg3 Kg7 56. f4 Kf6 57. Rd6+ Re6 58. Rd8 Ke7 59. Rh8 g5 60.
f5 Ra6 61. Rh7+ Kf8 62. Kf3 Kg8 63. Rc7 Ra3+ 64. Ke4 Ra4+ 65. Ke5 Rxg4 66. Kf6 Ra4 67. Kg6 Ra6+ 68. f6 Ra8 69. Rg7+ Kh8 70. Rh7+ Kg8 71. Rxh6 g4 72. f7+ Kf8 73. Rh8+ Ke7 74.
Rxa8 g3 75. f8=Q+ Ke6 76. Qf3 g2 77. Qxg2 1-0

[Event "Early-Titled-Tuesday-Blitz-September-26-2023"]
[Site "Chess.com"]
[Date "2023.09.26"]
[Round "11"]
[White "Irina_Mikhaylova"]
[Black "Chaos_Magic"]
[Result "1/2-1/2"]
[WhiteElo "2305"]
[BlackElo "2406"]
[TimeControl "180+1"]
[EndTime "10:07:41 PDT"]
[Termination "Game drawn by repetition"]

1. d4 Nf6 2. Nf3 c5 3. c4 cxd4 4. Nxd4 e5 5. Nf3 Nc6 6. g3 Bc5 7.
Bg2 O-O 8. O-O h6 9. Nc3 a6 10. a3 d6 11. b4 Ba7 12. Bb2 Be6 13. Nd5 Bxd5 14. cxd5 Ne7 15. Nd2 Rc8 16. Nb3 Qb6 17. Qd2 Ng4 18. e3 f5 19. Rac1 Nf6 20. Kh1 Qb5 21.
Rfd1 Ne4 22. Qe1 Nxd5 23. Na5 Ndf6 24. Bf1 Qb6 25. Nc4 Qd8 26. f3 Ng5 27. Nxd6 Rxc1 28. Bxc1 Nxf3 29. Qf2 e4 30. Be2 Qe7 31. Nxf5 Qe5 32.
Nd4 Nxd4 33. exd4 Qe7 34. Be3 Nd5 35. Bc4 Rd8 36. Qf5 Qf7 37. Bxd5 Qxd5 38. Qxd5+ Rxd5 39. Kg2 Kf7 40. Rd2 Ke6 41. g4 h5 42. Kg3 hxg4 43. Kxg4 g6 44. h4 b5 45. Kf4 Bb8+ 46. Kxe4 Rh5 47.
Bg5 Kd7 48. d5 Bd6 49. Rf2 Rh7 50. Rf6 Rg7 51. Re6 Rg8 52. Kd4 Rg7 53. Bf6 Rg8 54. Bg5 Rg7 55. Kd3 Rg8 56. Ke2 Rg7 57. Kf3 Rf7+ 58. Kg4 Rg7 59. h5 gxh5+ 60. Kxh5 Rh7+ 61.
Kg6 Rh3 62. Rf6 Rd3 63. Rf7+ Ke8 64. Rf5 Kd7 65. Rf7+ Ke8 66. Rf5 Kd7 67. Kf6 Be7+ 68.
Kg6 Bxg5 69. Rxg5 Kd6 70. Kf7 Rxd5 71. Rg6+ Ke5 72. Rxa6 Kd4 73. Ra5 Kc4 74. Ke6 Rd3 75.
Ke5 Re3+ 76. Kf4 Re6 77. Kf5 Re2 78. Ra8 Re3 79. Kf4 Re7 80. Kf5 Re3 81. Kf6 Kb3 82. Ra5 Kc4 83. Ra8 Re2 84. Kf5 Re1 85. Kf4 Re2 86.
Kf3 Re7 87. Ra5 Re6 88. Ra8 Re7 89. Kf4 Re6 90. Kg5 Re2 91. Kf5 1/2-1/2

[Event "Early-Titled-Tuesday-Blitz-September-26-2023"]
[Site "Chess.com"]
[Date "2023.09.26"]
[Round "11"]
[White "Chessbard1972"]
[Black "Alphafischer2019"]
[Result "0-1"]
[WhiteElo "2388"]
[BlackElo "2589"]
[TimeControl "180+1"]
[EndTime "10:07:56 PDT"]
[Termination "Alphafischer2019 won on time"]

1. e4 c5 2. Nc3 Nc6 3. g3 Nd4 4. Bg2 g6 5. d3 Bg7 6. Be3 e6 7. Qd2 d6 8. Nd1 Ne7 9. c3 Ndc6 10. Ne2 b5 11. Bh6 O-O 12. h4 f6 13. Bxg7 Kxg7 14.
h5 g5 15. f4 h6 16. Ne3 Bb7 17. d4 cxd4 18. Nxd4 Nxd4 19. Qxd4 e5 20. Qd2 Qb6 21. O-O Rad8 22. fxg5 fxg5 23. Kh2 Bc8 24. Bh3 Bxh3 25. Kxh3 Qc6 26. Nd5 Nxd5 27. exd5 Qd7+ 28. g4 Rf4 29. Rxf4 gxf4 30. Qd3 Qf7 31. Rg1 Kh8 32. Qe4 Rf8 33. Rf1 Rg8 34. Rg1 a6 35. b3 Rg5 36. c4 Qd7 37. Kh4 Rg8 38. Kh3 Qf7 39. c5 Qe7 40. c6 Rf8 41. Rf1 Rf6 42. Rc1 Qc7 43. a4 Kg7 44. axb5 axb5 45. Ra1 f3 46. Rf1 Qf7 47. Kg3 f2 48. Qe3 Qxd5 49. c7 Qc6 50. Rxf2 Rxf2 51. Qxf2 Qxc7 52. Qf5 Qf7 53. Qd3 Qf4+ 54. Kh3 Qd4 55. Qxb5 Kf6 56. Qb8 Qe3+ 57. Kh2 Qf2+ 58. Kh3 Qf3+ 59. Kh2 Qxg4 60. Qxd6+ Kf5 61. Qxh6 Qh4+ 62.
Kg2 Qg4+ 63. Kf2 Qd4+ 64. Ke2 Qb2+ 65. Kf1 Qb1+ 66. Kf2 Qa2+ 67. Kf1 e4 68. Qg6+ Kf4 69. Qf6+ Ke3 70. Qc3+ Kf4 71. Qc7+ Kf3 72. Qf7+ Ke3 73. h6 Qe2+ 74. Kg1 Qg4+ 75. Kf1 Qh3+ 76. Kg1 Qxh6 77. Qf2+ Kd3 78. Qf1+ Kd4 79. Qc4+ Ke5 80. Qc5+ Kf4 81.
Qc1+ e3 82. Qc4+ Kf3 83. Qd5+ Kg3 84. Qe5+ Kf3 85. Qd5+ Ke2 86. Qc4+ Kd2 87. Qd4+ Kc2 88. Qc4+ Kb2 89. b4 Qg6+ 90. Kf1 Qf6+ 91. Kg1 Qf2+ 92. Kh1 e2 0-1

[Event "Early-Titled-Tuesday-Blitz-September-26-2023"]
[Site "Chess.com"]
[Date "2023.09.26"]
[Round "11"]
[White "HajiyevKanan"]
[Black "ElenaPershina"]
[Result "0-1"]
[WhiteElo "2475"]
[BlackElo "2343"]
[TimeControl "180+1"]
[EndTime "10:08:09 PDT"]
[Termination "ElenaPershina won by checkmate"]

1. d4 d5 2. Nf3 Nf6 3. c4 c6 4. cxd5 cxd5 5. Nc3 Nc6 6. Bg5 Ne4 7. Bf4 Nxc3 8.
bxc3 e6 9. e3 Bd6 10. Bd3 Bxf4 11. exf4 h6 12. O-O O-O 13. Kh1 Bd7 14. g4 Rc8 15. g5 h5 16. h4 g6 17. Rc1 Na5 18. Ne5 Kg7 19. Qc2 Be8 20. Rb1 a6 21. Rfc1 b5 22.
Qe2 Qc7 23. Kg2 Bc6 24. a4 Nc4 25. axb5 Bxb5 26. Kg3 Nxe5 27. Bxb5 axb5 28. Qxe5+ Qxe5 29. fxe5 Rc4 30. Rxb5 Rfc8 31. Rb3 Rxd4 32. cxd4 Rxc1 33. Rd3 Rg1+ 34. Kf3 Rg4 35. Rd2 Rxh4 36. Ke3 Re4+ 37. Kd3 Rg4 38. f4 Rxf4 39. Rg2 Rf3+ 40. Ke2 Ra3 41.
Rg1 Kf8 42. Kd2 Ke7 43. Kc2 h4 44. Rg4 h3 45. Rh4 h2 46. Kb2 Rg3 47. Rxh2 Rxg5 48. Kc3 Rg3+ 49. Kd2 Ra3 50. Rh8 Kd7 51. Rf8 Ke7 52.
Rg8 Rg3 53. Ke2 Rg4 54. Ke3 Re4+ 55. Kd3 Rf4 56. Ra8 g5 57. Ke3 Rf5 58. Rg8 Kd7 59. Rf8 Kc6 60. Rb8 Kc7 61. Ra8 Kc6 62. Rb8 Kc7 63. Re8 Kd7 64. Rg8 Ke7 65. Rh8 f6 66.
Rh7+ Ke8 67. exf6 Rxf6 68. Rg7 Rf5 69. Kd3 Kf8 70. Rd7 Kg8 71. Ke3 Rf7 72. Rd6 Rf6 73. Rd7 g4 74. Ra7 g3 75. Ra2 Kg7 76. Rg2 Rg6 77.
Kf4 Kf6 78. Rxg3 Rxg3 79. Kxg3 Kg5 80. Kf3 Kf5 81. Ke3 Kg4 82. Ke2 Kf4 83. Kd3 Kf3 84. Kd2 Ke4 85. Kc3 Ke3 86. Kc2 Kxd4 87. Kd2 e5 88. Ke2 e4 89. Kd2 e3+ 90. Ke2 Ke4 91. Ke1 d4 92. Ke2 d3+ 93. Kd1 d2 94. Ke2 Kd4 95.
Kd1 Kc3 96. Ke2 Kc2 97. Kxe3 d1=Q 98. Ke4 Qd3+ 99. Kf4 Qe2 100. Kg3 Kd3 101. Kf4 Qe4+ 102. Kg3 Qf5 103. Kh4 Ke2 104. Kg3 Ke3 105. Kg2 Qg4+ 106. Kh2 Kf2 107. Kh1 Qg2# 0-1

[Event "Early-Titled-Tuesday-Blitz-September-26-2023"]
[Site "Chess.com"]
[Date "2023.09.26"]
[Round "11"]
[White "Zurability"]
[Black "BlitzWizard04"]
[Result "0-1"]
[WhiteElo "2753"]
[BlackElo "2674"]
[TimeControl "180+1"]
[EndTime "10:08:14 PDT"]
[Termination "BlitzWizard04 won by resignation"]

1. Nf3 d5 2. g3 Bg4 3. Bg2 Nd7 4. O-O e6 5. d3 Ngf6 6. Nbd2 Bc5 7. e4 dxe4 8. dxe4 e5 9. h3 Bxf3 10. Nxf3 O-O 11.
Nh4 Re8 12. Nf5 g6 13. Nh6+ Kg7 14. Kh2 Nf8 15. Qe2 Ne6 16. c3 Qe7 17. h4 Rad8 18.
Bh3 Bb6 19. Kg2 Nc5 20. f3 Nd3 21. Bg5 Qc5 22. Rad1 Qb5 23. Rd2 Rd6 24. Rfd1 Red8 25. Kh2 Nf4 26. gxf4 Qxe2+ 27. Rxe2 Rxd1 28. fxe5 Nh5 29. Bg4 R8d3 30. Bxh5 gxh5 31. Nf5+ Kf8 32. Kg2 Rb1 33.
Ng3 Rdd1 34. Nxh5 Rg1+ 35. Kh3 Rh1+ 36. Kg4 Rbg1+ 37. Kf5 h6 38. Bxh6+ Ke7 39. Bg5+ Kd7 40. Rd2+ Kc6 41. e6 fxe6+ 42. Kxe6 Rf1 43. f4 Re1 44. e5 Be3 45. Rd3 Rhf1 46. Nf6 Bxf4 47.
Nd7 Bxg5 48. hxg5 Rg1 49. Kf6 Ref1+ 50. Kg6 Rf4 51. Nb8+ Kb6 52. Nd7+ Kc6 53. Nf6 Re1 54. Rd5 Rf2 55. Ra5 Rfe2 56. Rxa7 Rxe5 57. Kh6 Rh1+ 58. Kg6 Rg1 59. Nh7 Re6+ 60. Kf7 Rd6 61. Ra4 Rd7+ 62. Kg6 Rd6+ 63. Nf6 Rd2 64. Rc4+ Kb6 65.
Rb4+ Kc6 66. Kf5 Rf1+ 67. Ke6 Rg2 68. Ne4 Re1 69. Kf5 Rf1+ 70. Ke5 Re1 71. Kf4 Rf1+ 72. Ke3 Re1+ 73. Kf3 Rgg1 74. a4 Ref1+ 75. Ke3 Rf5 76.
Rc4+ Kb6 77. Rb4+ Kc6 78. Rd4 b6 79. b4 Kb7 80. Kd3 Rf3+ 81. Kc4 Rg4 82. a5 bxa5 83. bxa5 Rff4 84. Kd5 Ka6 85. Kc6 Kxa5 86. Rd5+ Ka4 87. Nc5+ Ka3 88. Kxc7 Rc4 89. Kd6 Rxc3 90. Ne6 Rgg3 91.
Ke5 Rcd3 92. Ra5+ Kb4 93. Ra8 Rde3+ 94. Kf6 Rxe6+ 95. Kxe6 Rxg5 96. Kf6 Rb5 97. Re8 Kc5 98. Kf7 Kb4 99. Re5 Rxe5 100. Kf6 Rb5 101. Ke6 Kc4 102. Kd6 Rc5 103. Ke6 Kd4 104. Kf6 Rd5 105. Kg6 Re5 106. Kh6 Ke4 107. Kh7 Re6 108. Kh8 Re7 109. Kg8 Kf5 110. Kf8 Kf6 111. Kg8 Rf7 112. Kh8 Kg6 113. Kg8 Rf6 0-1